 Dungeon Crawl Stone Soup version 0.27-a0-406-g23f261fbd2 (webtiles) character file.

Game seed: 9270810811832765830

19271 vurker the Eclecticist (level 12, -4/72 HPs)
             Began as a Deep Elf Air Elementalist on Feb 22, 2021.
             Was a Believer of Vehumet.
             Killed from afar by a rime drake (26 damage)
             ... with a flash freeze
             ... on level 3 of the Lair of Beasts.
             The game lasted 00:21:25 (21838 turns).

vurker the Eclecticist (Deep Elf Air Elementalist) Turns: 21838, Time: 00:21:25

Health: -4/72      AC:  8    Str:  8    XL:     12   Next: 35%
Magic:  23/42      EV: 13    Int: 26    God:    Vehumet [**....]
Gold:   1931       SH:  5    Dex: 15    Spells: 31/41 levels left

rFire    . . .     SeeInvis +   l - +2 dagger (venom)
rCold    + . .     Faith    .   (no shield)
rNeg     . . .     Spirit   .   s - +1 robe {rC+}
rPois    .         Reflect  +   j - +2 helmet {SInv}
rElec    .         Harm     .   (no cloak)
rCorr    .         Rampage  .   (no gloves)
Will     ++...                  A - +1 pair of boots
Stlth    ++........             b - amulet of Perfectionism {Reflect MP+9 Str+3 SH+5}
HPRegen  0.22/turn              p - ring of wizardry
MPRegen  0.28/turn              i - ring of willpower

@: no status effects
A: no striking features
a: Renounce Religion


You were on level 3 of the Lair of Beasts.
You worshipped Vehumet.
Vehumet was pleased with you.
You visited 3 branches of the dungeon, and saw 15 of its levels.

You collected 1931 gold pieces.

Inventory:

Hand Weapons
 l - a +2 dagger of venom (weapon)
   (You took it off Jessica on level 3 of the Dungeon)
Armour
 j - a +2 helmet of see invisible (worn)
   (You found it on level 5 of the Dungeon)
 s - a +1 robe of cold resistance (worn)
   (You found it on level 7 of the Dungeon)
 A - a +1 pair of boots (worn)
   (You found it on level 8 of the Dungeon)
Magical Staves
 r - a staff of earth
   (You found it on level 10 of the Dungeon)
Jewellery
 b - the amulet of Perfectionism (around neck) {Reflect MP+9 Str+3 SH+5}
   (You acquired it on level 6 of the Dungeon)

   [amulet of reflection]

   It shields you and reflects attacks.
   It affects your strength (+3).
   It affects your magic capacity (+9).
   It affects your SH (+5).
 e - a ring of protection from cold
   (You found it on level 3 of the Dungeon)
 i - a ring of willpower (right hand)
   (You found it on level 4 of the Dungeon)
 p - a ring of wizardry (left hand)
   (You found it on level 6 of the Dungeon)
Wands
 d - a wand of iceblast (4)
   (You found it on level 1 of the Lair of Beasts)
 h - a wand of polymorph (25)
   (You found it on level 6 of the Dungeon)
 t - a wand of flame (20)
   (You found it on level 2 of the Lair of Beasts)
 y - a wand of mindburst (15)
   (You took it off Joseph on level 1 of the Lair of Beasts)
Scrolls
 o - 2 scrolls of fog
 q - 2 scrolls of identify
 u - a scroll of immolation
 x - 7 scrolls of teleportation
 z - 2 scrolls of fear
Potions
 a - 3 potions of heal wounds
 c - 9 potions of curing
 f - a potion of invisibility
 g - 4 potions of haste
 k - a potion of mutation
 m - 2 potions of ambrosia
 n - a potion of lignification
 v - 4 potions of flight
 w - a potion of cancellation


   Skills:
 + Level 7.3 Fighting
 - Level 2.4 Dodging
 - Level 2.4 Stealth
 * Level 15.3 Spellcasting
 - Level 8.0 Conjurations
 * Level 12.3 Air Magic


You had 31 spell levels left.
You knew the following spells:

 Your Spells              Type           Power        Failure   Level
a - Shock                 Conj/Air       100%         1%          1
b - Lightning Bolt        Conj/Air       32%          1%          5
c - Airstrike             Air            35%          1%          4

Your spell library contained the following spells:

 Spells                   Type           Power        Failure   Level
 Mephitic Cloud           Conj/Pois/Air  53%          1%          3
 Corona                   Hex            21%          1%          1
 Ensorcelled Hibernation  Hex/Ice        38%          1%          2
 Slow                     Hex            19%          1%          2
 Swiftness                Air            71%          1%          2
 Static Discharge         Conj/Air       64%          1%          3
 Silence                  Hex/Air        25%          2%          5
 Confusing Touch          Hex            19%          3%          3
 Gell's Gravitas          Tloc           9%           3%          3
 Inner Flame              Hex/Fire       19%          3%          3
 Portal Projectile        Hex/Tloc       38%          3%          3
 Bolt of Magma            Conj/Fire/Erth 16%          10%         5
 Animate Armour           Summ/Erth      38%          11%         4
 Cause Fear               Hex            9%           11%         4
 Leda's Liquefaction      Hex/Erth       9%           11%         4
 Petrify                  Tmut/Erth      19%          11%         4
 Borgnjor's Vile Clutch   Necr/Erth      9%           28%         5
 Metabolic Englaciation   Hex/Ice        9%           28%         5
 Yara's Violent Unravell  Hex/Tmut       9%           28%         5
 Iron Shot                Conj/Erth      20%          30%         6
 Shadow Creatures         Summ           N/A          82%         6
 Statue Form              Tmut/Erth      12%          82%         6
 Shatter                  Erth           9%           100%        9


Dungeon Overview and Level Annotations

Branches:
Dungeon (11/15)            Temple (1/1) D:4            Lair (2/6) D:10
  Snake (0/4) Lair:2          Orc (0/2) D:9
  Swamp: Lair:2-4    Shoals: Lair:2-4

Altars:
Ashenzari
Cheibriados
Dithmenos
Elyvilon
Fedhas
Gozag
Hepliaklqana
Kikubaaqudgha
Makhleb
Nemelex Xobeh
Okawaru
Qazlal
Ru
Sif Muna
Trog
Uskayaw
Vehumet
Wu Jian
Xom
Yredelemnul
Zin
The Shining One

Shops:
D:7 (

Annotations:
D:4 2 transporters, p0werm0de's ghost, amateur GrFi
D:6 3 runed translucent doors, Inkie's ghost, novice OpEE
Lair:1 1 runed translucent door, Ylihiam's ghost, journeyman TrFi


Message History

Aim: a bullfrog (asleep)
The air twists around and strikes the bullfrog!!
Aim: a bullfrog (severely wounded)
The air twists around and strikes the bullfrog!
You kill the bullfrog!
Vehumet accepts your kill.
You feel your power returning.
You can't see any susceptible monsters within range! (Use Z to cast anyway.)
x - 7 scrolls of teleportation (gained 1)
A rime drake comes into view.
Aim: a rime drake (asleep)
The air twists around and strikes the rime drake!
The rime drake hisses angrily.
You hear an angry hiss.
You can't see any susceptible monsters within range! (Use Z to cast anyway.)
A rime drake is nearby!
Aim: a rime drake (heavily wounded)
The air twists around and strikes the rime drake!
You hear an angry hiss.
The rime drake breathes ice at you. The flash freeze hits you!
You partially resist.
You are encased in ice.
A steam dragon comes into view. x2
Aim: a rime drake (almost dead, catching its breath)
The air twists around and strikes the rime drake!
You kill the rime drake!
Vehumet accepts your kill.
You feel your power returning.
The steam dragon hisses angrily.
You hear an angry hiss.
A rime drake comes into view. x2
Aim: a steam dragon (lava)
The air twists around and strikes the steam dragon!
A rime drake comes into view.
A steam dragon comes into view.
The ice encasing you melts away. The rime drake breathes ice at you.
The flash freeze hits you!! You partially resist.
You are encased in ice.
A rime drake comes into view.
The steam dragon breathes steam at you. The ball of steam hits you!
* * * LOW HITPOINT WARNING * * *
You hear an angry hiss. x2
Aim: a rime drake (wandering, hasn't noticed you)
The air twists around and strikes the rime drake!
The rime drake hisses angrily.
Aim: a rime drake (moderately wounded)
The air twists around and strikes the rime drake!
The ice encasing you melts away. The rime drake breathes ice at you.
The flash freeze hits you!! You partially resist.
You die...

#.##.#.## #} .........
##.. #........ #...
####### #........
#..P##..##.###.†......
#.................D...
#..........§§§§§DD.≈.
##..........§.k..k...≈
#P...Pk....@§§.#.#.#.k
##....P###...##### # D
#....## ##...# ##....#
#...# #.....## #..##
##.....# #... #.?..##
#... #.)..## .....
#....P#


You could see 2 rime drakes.

Vanquished Creatures
  3 hydras
  Harold (D:7)
  A two-headed ogre (D:10)
  A boulder beetle (D:11)
  5 death yaks (D:10)
  An unseen horror (D:11)
  An ugly thing (D:9)
  Joseph (Lair:1)
  A black mamba (Lair:2)
  3 cane toads
  2 rime drakes
  A komodo dragon (Lair:2)
  A troll (D:10)
  Grinder (D:5)
  A hornet (D:8)
  Prince Ribbit (D:6)
  5 blink frogs (Lair:2)
  Sigmund (D:2)
  A wyvern (Lair:1)
  2 basilisks (Lair:1)
  10 water moccasins
  Duvessa (D:7)
  2 sky beasts
  A hornet zombie (D:9)
  3 black bears
  4 orc warriors
  An eye of draining (D:11)
  6 ogres
  4 centaurs (D:5)
  2 phantoms
  11 bullfrogs
  3 kobold brigands
  Blork the orc (D:5)
  A water moccasin zombie (D:7)
  Dowan (D:7)
  3 scorpions
  3 killer bees (D:7)
  7 wights
  5 howler monkeys
  2 bullfrog zombies
  A centaur zombie (D:11)
  4 hounds
  2 jellies
  9 orc priests
  A centaur skeleton (D:10)
  Jessica (D:3)
  2 iguanas
  16 orc wizards
  6 worker ants
  A hound zombie (D:7)
  A hound skeleton (D:5)
  3 worker ant zombies
  11 adders
  11 gnolls
  A shadow imp (D:4)
  3 white imps
  An ufetubus (D:5)
  An ooze (D:3)
  An adder zombie (D:5)
  An adder skeleton (D:5)
  2 worms
  2 dart slugs (D:1)
  7 leopard geckos
  46 orcs
  5 bats
  4 giant cockroaches
  41 goblins
  37 hobgoblins
  8 jackals
  32 kobolds
  2 quokkas
  6 ball pythons
  A ball python skeleton (D:6)
  4 frilled lizards
  2 jackal skeletons
  A leopard gecko skeleton (D:5)
  6 rats
388 creatures vanquished.

Vanquished Creatures (others)
  9 fungi
  45 plants
54 creatures vanquished.

Grand Total: 442 creatures vanquished

Notes
Turn   | Place    | Note
-------+----------+-------------------------------------------
     0 | D:1      | vurker the Deep Elf Air Elementalist began the quest for
                  | the Orb.
     0 | D:1      | Reached XP level 1. HP: 10/10 MP: 6/6
   316 | D:1      | Reached XP level 2. HP: 14/15 MP: 4/8
  1104 | D:2      | Reached XP level 3. HP: 20/20 MP: 3/10
  1462 | D:2      | Noticed Sigmund
  1481 | D:2      | Reached skill level 4 in Spellcasting
  1736 | D:3      | Reached skill level 1 in Fighting
  1736 | D:3      | Reached XP level 4. HP: 24/25 MP: 4/12
  2072 | D:3      | Noticed Jessica
  2078 | D:3      | Killed Jessica
  2105 | D:3      | Reached XP level 5. HP: 13/29 MP: 7/14
  2315 | D:3      | Learned a level 5 spell: Lightning Bolt
  2320 | D:3      | Learned a level 4 spell: Airstrike
  2657 | D:3      | Reached skill level 5 in Spellcasting
  3680 | D:2      | Killed Sigmund
  3681 | D:2      | Reached XP level 6. HP: 15/35 MP: 10/16
  4330 | D:4      | Reached skill level 6 in Spellcasting
  4466 | D:4      | Reached skill level 5 in Air Magic
  4655 | D:4      | Found a staircase to the Ecumenical Temple.
  4666 | Temple   | Entered the Ecumenical Temple
  4964 | D:4      | Reached XP level 7. HP: 32/40 MP: 9/18
  5198 | D:4      | Found a transporter.
  5200 | D:4      | Found a transporter.
  5201 | D:4      | Noticed p0werm0de's ghost (amateur GrFi)
  5609 | D:5      | Entered Level 5 of the Dungeon
  5718 | D:5      | Noticed Grinder
  5721 | D:5      | Killed Grinder
  5722 | D:5      | Reached skill level 7 in Spellcasting
  5867 | D:5      | Reached XP level 8. HP: 45/45 MP: 11/21
  6542 | D:5      | Reached skill level 8 in Spellcasting
  7680 | D:5      | Reached skill level 5 in Conjurations
  8382 | D:5      | Reached skill level 9 in Spellcasting
  8770 | D:5      | Noticed Blork the orc
  8823 | D:5      | Killed Blork the orc
  9254 | D:6      | Got a twisted hand axe
  9255 | D:6      | Identified the +4 hand axe of Dissent {flame, Dex+4} (You
                  | found it on level 6 of the Dungeon)
  9325 | D:6      | Identified a scroll of acquirement
  9326 | D:6      | Acquired the amulet of Perfectionism {Reflect MP+9 Str+3
                  | SH+5}
  9632 | D:6      | Found a runed translucent gate.
  9633 | D:6      | Found a runed translucent gate.
  9634 | D:6      | Found a runed translucent gate.
  9636 | D:6      | Noticed Inkie's ghost (novice OpEE)
 10078 | D:6      | Noticed Prince Ribbit
 10081 | D:6      | Killed Prince Ribbit
 10082 | D:6      | Reached XP level 9. HP: 52/52 MP: 20/24
 10825 | D:7      | Noticed Harold
 10834 | D:7      | Killed Harold
 10835 | D:7      | Reached skill level 10 in Spellcasting
 10994 | D:7      | Found Asedaw's Antique Weapon Emporium.
 11046 | D:7      | Found a snail-covered altar of Cheibriados.
 11050 | D:7      | Found an ancient bone altar of Kikubaaqudgha.
 11055 | D:7      | Found a stormy altar of Qazlal.
 11235 | D:7      | Noticed Duvessa
 11643 | D:7      | Noticed Dowan
 11646 | D:7      | Killed Dowan
 12059 | D:7      | Killed Duvessa
 12060 | D:7      | Reached skill level 11 in Spellcasting
 12205 | D:7      | Reached XP level 10. HP: 58/58 MP: 27/27
 13736 | D:8      | Found a hazy altar of Hepliaklqana.
 14291 | D:9      | Found a white marble altar of Elyvilon.
 14292 | D:9      | Found a radiant altar of Vehumet.
 14293 | D:9      | Found an ornate altar of the Wu Jian Council.
 14295 | D:9      | Found a shimmering blue altar of Sif Muna.
 14296 | D:9      | Found a glowing silver altar of Zin.
 14297 | D:9      | Found a glowing golden altar of the Shining One.
 14303 | D:9      | Became a worshipper of Vehumet
 14600 | D:9      | Found a staircase to the Orcish Mines.
 14792 | D:9      | Noticed a purple ugly thing
 14807 | D:9      | Killed a purple ugly thing
 14808 | D:9      | Reached skill level 5 in Fighting
 15310 | D:10     | Entered Level 10 of the Dungeon
 15310 | D:10     | Noticed a two-headed ogre
 15314 | D:10     | Killed a two-headed ogre
 15315 | D:10     | Reached skill level 12 in Spellcasting
 15618 | D:10     | Reached * piety under Vehumet
 15618 | D:10     | Offered knowledge of Magic Dart by Vehumet.
 16040 | D:10     | Noticed a death yak
 16041 | D:10     | Noticed a death yak
 16055 | D:10     | Killed a death yak
 16056 | D:10     | Reached skill level 10 in Air Magic
 16098 | D:10     | Killed a death yak
 16099 | D:10     | Reached XP level 11. HP: 40/64 MP: 5/29
 16504 | D:10     | Acquired 805 gold pieces
 16522 | D:10     | Noticed a death yak
 16525 | D:10     | Noticed a death yak
 16540 | D:10     | Killed a death yak
 16541 | D:10     | Reached skill level 13 in Spellcasting
 16765 | D:10     | Found a staircase to the Lair.
 17288 | D:10     | Found a staircase to the Lair.
 17293 | D:10     | Noticed a death yak
 17317 | D:10     | Killed a death yak
 17318 | D:10     | Killed a death yak
 17942 | D:11     | Identified the +0 dagger "Ikup" {drain, Stlth+}
 17943 | D:11     | Reached ** piety under Vehumet
 17943 | D:11     | Offered knowledge of Foxfire by Vehumet.
 18081 | D:11     | Noticed a boulder beetle
 18281 | D:11     | Killed a boulder beetle
 18406 | D:11     | Noticed an unseen horror
 18410 | D:11     | Killed an unseen horror
 18732 | D:11     | Found a sacrificial altar of Ru.
 18873 | D:11     | Found a shimmering altar of Xom.
 18874 | D:11     | Found a shimmering altar of Xom.
 18876 | D:11     | Found a shimmering altar of Xom.
 18878 | D:11     | Found a shimmering altar of Xom.
 18986 | D:11     | Reached skill level 14 in Spellcasting
 19353 | Lair:1   | Entered Level 1 of the Lair of Beasts
 19488 | Lair:1   | Noticed a five-headed hydra
 19494 | Lair:1   | Killed a five-headed hydra
 19720 | Lair:1   | Noticed a five-headed hydra
 19724 | Lair:1   | Killed a five-headed hydra
 19771 | Lair:1   | Found a shimmering blue altar of Sif Muna.
 19816 | Lair:1   | Found a runed translucent door.
 19844 | Lair:1   | Noticed Ylihiam's ghost (journeyman TrFi)
 19919 | Lair:1   | Noticed Joseph
 19924 | Lair:1   | Killed Joseph
 20035 | Lair:1   | Reached XP level 12. HP: 71/71 MP: 16/32
 20720 | Lair:2   | Offered knowledge of Mephitic Cloud by Vehumet.
 20739 | Lair:2   | Reached skill level 15 in Spellcasting
 21240 | Lair:2   | Found a staircase to the Snake Pit.
 21315 | Lair:2   | Noticed a six-headed hydra
 21320 | Lair:2   | Killed a six-headed hydra
 21782 | Lair:2   | You fall into a shaft and drop 1 floor!
 21838 | Lair:3   | Killed from afar by a rime drake

Illustrated notes

Levels and vault maps discovered:
D:1:      lemuel_arrival_muddy, layout_rooms, chequers_serial_rivers_small_b,
          chequers_serial_rivers_micro_b
D:2:      layout_rooms, uniq_sigmund
D:3:      layout_basic, chequers_serial_rivers_micro_e, uniq_jessica
D:4:      layout_loops_cross, minmay_temple_entry_statues_fountains,
          gammafunk_ghost_mausoleum, minmay_misc_feat_x
D:5:      minmay_goblin_kobold_castle, layout_gridville, minmay_pentangle,
          uniq_grinder, uniq_blork_the_orc
D:6:      layout_layer_cave, gammafunk_ghost_necromancy, uniq_prince_ribbit1
D:7:      layout_basic, grunt_temple_overflow_diamond, serial_shops, shop,
          enter_bailey_7, uniq_harold, uniq_duvessa
D:8:      kennysheep_kobold_camp, layout_loops_ring, nzn_hepliaklqana_mist_gate
D:9:      layout_cave_pools, grunt_temple_overflow_open, erik_orc_3
D:10:     layout_irregular_city, dpeg_lair_monsters
D:11:     layout_basic, basic_altar, xom_redecorated
Temple:   hc_temple_tempest_star
Lair:1:   layout_regular_city, hellmonk_ghost_happy_afterlife,
          amcnicky_altar_gilded, infiniplex_staircase_pool_2, uniq_joseph
Lair:2:   layout_cave_pods, dummy_snake_entry, grunt_megastairs_5
Lair:3:   layout_chaotic_city, nicolae_lair_grove_arrangements,
          nicolae_quartered_pool_little, bobbens_dragon_lair_wall

Skill      XL: |  1  2  3  4  5  6  7  8  9 10 11 12 |
---------------+-------------------------------------+-----
Spellcasting   | 4 5 6 7 9 11 12 14 15 | 15.3
Fighting       | 1 2 3 4 5 6 7 |  7.3
Conjurations   | 2 3 4 5 6 8 |  8.0
Air Magic      | 4 5 6 7 8 10 11 12 | 12.3
Dodging        | |  2.4
Stealth        | |  2.4

Action                   |  1- 3 |  4- 6 |  7- 9 | 10-12 || total
-------------------------+-------+-------+-------+-------++-------
Melee: Unarmed           |     1 |       |       |       ||     1
       Short sword       |    11 |     5 |       |       ||    16
       Dagger            |       |    17 |       |    12 ||    29
 Cast: Shock             |    82 |    79 |   114 |    61 ||   336
       Airstrike         |       |     3 |   139 |   267 ||   409
       Lightning Bolt    |       |       |       |    22 ||    22
Evoke: Wand              |       |       |       |     6 ||     6
  Use: Scroll            |       |    11 |     6 |     6 ||    23
Armor: Robe              |     2 |       |     9 |    10 ||    21
Dodge: Dodged            |    20 |    27 |    28 |    22 ||    97
Block: Other             |       |       |     2 |     9 ||    11
       Reflection        |       |       |       |     1 ||     1

Table legend: (Time is in decaauts)
 A = Elapsed time spent in this place.
 B = Non-inter-level travel time spent in this place.
 C = Inter-level travel time spent in this place.
 D = Time resting spent in this place.
 E = Time spent auto-exploring this place.
 F = Levels seen in this place.
 G = Mean time per level.
                   A        B        C        D        E       F      G
               +--------+--------+--------+--------+--------+-----+--------+
         Total |  21857 |  21338 |    519 |    821 |  18545 |  15 | 1457.1 |
       Dungeon |  19169 |  18672 |    497 |    669 |  16251 |  11 | 1742.6 |
        Temple |    200 |    187 |     13 |      0 |    186 |   1 |  200.0 |
          Lair |   2487 |   2478 |      9 |    152 |   2108 |   3 |  829.0 |
               +--------+--------+--------+--------+--------+-----+--------+

Top non-repeatable levels by time:
     D:5: 3335 daAuts
    D:10: 2439 daAuts
     D:6: 1807 daAuts
     D:3: 1672 daAuts
     D:7: 1650 daAuts
    D:11: 1605 daAuts
     D:2: 1510 daAuts
     D:8: 1497 daAuts
  Lair:1: 1482 daAuts
     D:4: 1429 daAuts
     D:9: 1154 daAuts
     D:1: 1066 daAuts
  Lair:2: 948 daAuts
  Temple: 200 daAuts
  Lair:3: 56 daAuts
